Unix NetHack Version 5.0.0-0 post-release - last build Jun 10 2026 00:39:30 (3ee93aec679c4c4259841fe613dc97188e26a321,branch:main).

Game began 2026-06-18 19:20:18, ended 2026-06-18 21:21:50.

IanCurtis, chaotic male elven Wizard

                                                               ------
                 ##########%#####)#########%###################.....|
                 #      ----     ---           ---#            |....|
                 #       ..       .             .|#       #####-..<.|
                 #        .-      .-----       -.|#       #   #|....|
                ##        .|      .|...|       |.|#       #   #|....|
                ##        .+      .|...|       |.|#       #   #------
                ##        .|---  -.|...|------ -.|#       #   #
                ##  ------.|..|  |.| ..|....... .|#       #   #`
     ---------###   |..+)|....|  |.---|-....----.|#   #####   ##
     |.......|# #   |._.)|....|-+-..{.......-..|.|#   #       ##
     |.......|# #   |...)|a..|-...........%.|  |%|#   #       ###
     |........###   |...)-)%%...-|-----.--|----|.|#   #        ###
     ---------      |-----%@.|--|..   +.| ..|((|.|#  ##     ---|-#
                  ..-.....@.....|..|  |%|((?|((|%%##########-.>.|#
                  .....).u.|....|..|---%|]((|..|..####      |....#
                  |.....-..--.------.{*[-----|--)|          |...|
                  |............................%)|          |...|
                  --------------------------------          -----

IanCurtis the Thaumaturge  St:7 Dx:14 Co:14 In:18 Wi:11 Ch:14  Chaotic
Dlvl:6  $:23 HP:0(43) Pw:9(104) AC:9  Xp:8 T:4986  Weak    

Latest messages:
 You feel here a dagger.
 In what direction? l
 The door resists!
 In what direction? l
 The door closes.
 Wait!  There's something there you can't see!
 It gets angry!
 You try to feel what is lying here on the floor.
 You feel here a poisoned crude arrow.
 It misses.
 You stop waiting.
 You feel an unseen monster!
 You feel an unseen monster!
 You feel an unseen monster!
 What do you want to remove? [t or ?*] t
 You were wearing an uncursed ring of regeneration (on right hand).
 You hear someone cursing shoplifters.
 You can see again.
 Please move the cursor to a monster, object or location.
 (For instructions type a '?')
 You see here a poisoned crude arrow.
 You see here a dagger.
 In what direction? l
 The door opens.
 Wizard needs food, badly!
 There is a partly eaten gnomish wizard corpse here; eat it? [ynq] (n) n
 There is a rothe corpse here; eat it? [ynq] (n) n
 What do you want to eat? [G or ?*] <space>
 Never mind.
 The gray unicorn butts!
 The gray unicorn kicks!
 The gray unicorn butts!
 The gray unicorn kicks!
 Please move the cursor to a monster, object or location.
 (For instructions type a '?')
 Please move the cursor to a monster, object or location.
 (For instructions type a '?')
 What do you want to zap? [cruP or ?*] ?
 In what direction? b
 The bolt of fire hits the gray unicorn!
 The bolt of fire bounces!
 The watchman's wooden shield smoulders!
 You kill the watchman!
 The bolt of fire hits it!
 The gray unicorn butts!
 The gray unicorn kicks!
 The gray unicorn butts!
 The gray unicorn kicks!
 You die...
 Do you want your possessions identified? [ynq] (y) q

Inventory:
 Coins    ('$')
  $ - 23 gold pieces
 Amulets  ('"')
  H - an uncursed amulet of unchanging
 Weapons  (')')
  a - a blessed +1 quarterstaff (weapon in hands)
 Armor    ('[')
  p - an uncursed burnt +0 pair of high boots (being worn)
  b - an uncursed burnt +0 cloak of magic resistance (being worn)
 Comestibles  ('%')
  G - an uncursed sprig of wolfsbane
 Scrolls  ('?')
  A - an uncursed scroll of confuse monster
  k - an uncursed scroll of earth
  j - an uncursed scroll of enchant armor
  D - a blessed scroll of gold detection
  v - an uncursed scroll of identify
  x - 2 uncursed scrolls of light
  i - an uncursed scroll of scare monster
  B - an uncursed scroll of stinking cloud
 Potions  ('!')
  I - an uncursed potion of gain energy
  h - an uncursed potion of healing
  f - an uncursed potion of object detection
  g - an uncursed potion of speed
 Rings    ('=')
  K - a cursed -4 ring of increase damage
  t - an uncursed ring of regeneration
  e - an uncursed ring of teleportation
 Wands    ('/')
  r - a wand of digging (0:7)
  P - a wand of fire (0:3)
  u - a wand of lightning (0:6)
  c - a wand of sleep (0:0)
 Tools    ('(')
  o - an uncursed tooled horn
  N - an uncursed figurine of a vampire lord
  n - a magic marker (0:22)
  d - a +0 pick-axe
  E - a blessed tallow candle

IanCurtis the Wizard's attributes:

Background:
 You were a Thaumaturge, a level 8 male elven Wizard.
 You were chaotic, on a mission for Anhur
 who was opposed by Ptah (lawful) and Thoth (neutral).
 You were left-handed.
 You were in the Gnomish Mines, on level 6.
 You entered the dungeon 4986 turns ago.
 You had 1441 experience points, 1119 more were needed to attain level 9.

Basics:
 You had 0 out of 43 hit points.
 You had 9 out of 104 energy points (spell power).
 Your armor class was 9.
 Your wallet contained 23 zorkmids.
 Autopickup was off.

Final Characteristics:
 Your strength was 7 (base:8, limit:18).
 Your dexterity was 14 (limit:18).
 Your constitution was 14 (limit:16).
 Your intelligence was 18 (limit:20).
 Your wisdom was 11 (limit:20).
 Your charisma was 14 (limit:18).

Final Status:
 You were weak from severe hunger.
 You were unencumbered.
 You were wielding a quarterstaff.
 You had basic skill with quarterstaff and could have enhanced that.

Final Attributes:
 You were fervently aligned.
 You were magic-protected.
 You were sleep resistant.
 You had infravision.
 You were warded.
 You were unlucky.
 You are dead.

Miscellaneous:
 You didn't encounter any bones levels.
 Total elapsed playing time was 45 minutes and 15 seconds.

Major events:
 Turn
    1: IanCurtis the chaotic male elven Wizard entered the dungeon
  858: entered the Gnomish Mines
  860: attained the rank of Conjurer (level 3)
 2410: attained the rank of Thaumaturge (level 6)
 3428: reached Mine Town
 4986: killed by a gray unicorn

Spells:
 Name                 Level Category     Fail Retention
 force bolt             1   attack         0%   76%-80%
 chain lightning        2   attack         0%   76%-80%
 levitation             4   escape        98%  76%-100%

Skills:
 Fighting Skills
   bare handed combat [Unskilled]
   riding             [Unskilled]
 Weapon Skills
   dagger             [Unskilled]
   knife              [Unskilled]
   axe                [Unskilled]
   short sword        [Unskilled]
   club               [Unskilled]
   mace               [Unskilled]
   quarterstaff       [Basic]
   polearms           [Unskilled]
   spear              [Unskilled]
   trident            [Unskilled]
   sling              [Unskilled]
   dart               [Unskilled]
   shuriken           [Unskilled]
 Spellcasting Skills
   attack spells      [Skilled]
   healing spells     [Unskilled]
   divination spells  [Unskilled]
   enchantment spells [Basic]
   clerical spells    [Unskilled]
   escape spells      [Unskilled]
   matter spells      [Unskilled]

Voluntary challenges:
 Character rerolling was not enabled.
 You never genocided any monsters.
 You never polymorphed an object.
 You never changed form.
 You used no wishes.
Achievements:
 You entered a shop.
 You entered the Gnomish Mines.
 You attained the rank of Conjurer.
 You attained the rank of Thaumaturge.
 You entered Minetown.
 You entered a temple.

 The Dungeons of Doom: levels 1 to 4
    Level 1:
       Some fountains.
    Level 2:
       A scroll shop, a fountain.
    Level 3:
       An altar.
       Stairs down to The Gnomish Mines.
    Level 4:
 The Gnomish Mines: levels 4 to 7
    Level 4:
    Level 5:
    Level 6: <- You were here.
       A temple and an altar to Anhur, some fountains.
       Final resting place for
          you, killed by a gray unicorn.
    Level 7:


Vanquished creatures:
  2 watchmen
  a spotted jelly
  3 gnome rulers
  a jaguar
  a dwarf leader
  a plains centaur
  a gnome mummy
  a water nymph
  4 Uruk-hai
  2 ponies
  a yellow light
  a violet fungus
  7 gnome leaders
  4 gnomish wizards
  a gray ooze
  4 elf zombies
  6 giant ants
  2 floating eyes
  a kitten
  7 dwarves
  a kobold leader
  a rothe
  2 centipedes
  5 monkeys
  a wererat
  a werejackal
  2 iguanas
  6 killer bees
 an acid blob
  3 coyotes
  2 large kobolds
  a giant rat
  a cave spider
  a yellow mold
 28 gnomes
  a gecko
  5 jackals
  3 foxes
  a goblin
  2 sewer rats
  7 grid bugs
  4 bats
  4 lichens
  a kobold zombie
  6 newts
141 creatures vanquished.

No species were genocided or became extinct.

Game over:
                       ----------
                      /          \
                     /    REST    \
                    /      IN      \
                   /     PEACE      \
                  /                  \
                  |    IanCurtis     |
                  |      23 Au       |
                  | killed by a gray |
                  |     unicorn      |
                  |                  |
                  |                  |
                  |       2026       |
                 *|     *  *  *      | *
        _________)/\\_//(\/(/\)/\//\/|_)_______

Goodbye IanCurtis the Wizard...

You died in The Gnomish Mines on dungeon level 6 with 6085 points,
and 23 pieces of gold, after 4986 moves.
You were level 8 with a maximum of 43 hit points when you died.

